 Dungeon Crawl Stone Soup version 0.28-a0-1117-g0bdd5ba030 (webtiles) character file.

Game seed: 3794506420502391499

45 fragbeetle the Insei (level 3, 0/27 HPs)
             Began as a Merfolk Transmuter on Dec 11, 2021.
             Slain by Terence (4 damage)
             ... on level 3 of the Dungeon.
             The game lasted 00:03:11 (2165 turns).

fragbeetle the Insei (Merfolk Transmuter)           Turns: 2165, Time: 00:03:11

Health: 0/27       AC:  2    Str: 12    XL:     3   Next: 64%
Magic:  6/6        EV: 13    Int: 12    God:
Gold:   71         SH:  0    Dex: 14    Spells: 5/6 levels left

rFire   . . .      SeeInvis .     - Unarmed
rCold   . . .      Faith    .   (no shield)
rNeg    . . .      Spirit   .   a - +0 robe
rPois   .          Reflect  .   (no helmet)
rElec   .          Harm     .   (no cloak)
rCorr   .          Rampage  .   (no gloves)
Will    .....                   (no boots)
Stlth   +.........              (no amulet)
HPRegen 0.09/turn               (no ring)
MPRegen 0.10/turn               (no ring)

@: no status effects
A: (nimble swimmer 2), mertail
a: no special abilities


You were on level 3 of the Dungeon.
You visited 1 branch of the dungeon, and saw 3 of its levels.

You collected 71 gold pieces.

Inventory:

Armour
 a - a +0 robe (worn)
Jewellery
 d - a ring of ice
Scrolls
 c - a scroll of teleportation {unknown}
 e - a scroll of identify {unknown}
 f - 2 scrolls of enchant armour {unknown}
 g - 2 scrolls of enchant weapon {unknown}
Potions
 b - a potion of heal wounds {unknown}
 h - a potion of degeneration {unknown}


   Skills:
 * Level 1.7 Fighting
 * Level 3.1 Dodging
 + Level 0.2 Stealth
 + Level 3.8 Unarmed Combat
 + Level 2.2 Spellcasting
 * Level 3.5 Transmutations


You had 5 spell levels left.
You knew the following spells:

 Your Spells              Type           Power      Damage    Failure   Level
a - Beastly Appendage     Tmut           18%        N/A       6%          1

Your spell library contained the following spells:

 Spells                   Type           Power      Damage    Failure   Level
 Wereblood                Tmut           9%         N/A       10%         2
 Spider Form              Tmut/Pois      5%         N/A       36%         3
 Ice Form                 Ice/Tmut       5%         N/A       77%         4


Dungeon Overview and Level Annotations

Branches:
Dungeon (3/15)

Altars:

Annotations:
D:2 Robin
D:3 Terence


Innate Abilities, Weirdness & Mutations

((You are quick and stealthy near water. (Stealth+, EV+, Speed+++)))
Your lower body shifts to a powerful aquatic tail in water.


Message History

You hit the adder skeleton.
You destroy the adder skeleton!
Your transformation is almost over.
Your horns disappear.
A goblin, 2 hobgoblins and Robin come into view.
The hobgoblin shouts!
The goblin shouts!
The hobgoblin shouts!
You hear a shout! x2; Robin shouts!
There is a stone staircase leading down here.
Casting: Beastly Appendage (safe; 6% risk of failure)
Confirm with . or Enter, or press ? or * to list all spells.
You grow a pair of large bovine horns.
You hit the goblin.
You kill the goblin!
You hit the hobgoblin.
The hobgoblin is moderately wounded.
The hobgoblin hits you but does no damage.
You hit the hobgoblin. Your headbutt misses the hobgoblin.
The hobgoblin is almost dead.
The hobgoblin hits you.
You hit the hobgoblin.
You kill the hobgoblin!
You hit the hobgoblin.
The hobgoblin is severely wounded.
Your transformation is almost over.
The hobgoblin hits you.
Robin hits you from afar with a +0 trident.
You hit the hobgoblin but do no damage.
The hobgoblin is severely wounded.
The hobgoblin closely misses you. Robin completely misses you.
You hit the hobgoblin.
You kill the hobgoblin!
A hobgoblin comes into view.
Robin hits you from afar with a +0 trident.
Robin hits you from afar with a +0 trident!
* * * LOW HITPOINT WARNING * * *
You climb downwards.
There is a stone staircase leading up here.
Your horns disappear.
Terence hits you with a +0 hand axe of freezing.
You die...

#####
#...#
#...#
#.@@#
#...#
#<..#
#...#
#...#
#.###
#..
#..
...


You could see Terence.

Vanquished Creatures
  An adder skeleton (D:2)
  A worm (D:2)
  4 bats
  2 endoplasms (D:1)
  A giant cockroach (D:1)
  6 goblins
  6 hobgoblins
  6 jackals (D:2)
  3 ball pythons
  2 frilled lizards
  3 kobolds
  2 rats (D:1)
37 creatures vanquished.

Notes
Turn   | Place    | Note
-------+----------+-------------------------------------------
     0 | D:1      | fragbeetle the Merfolk Transmuter began the quest for the
                  | Orb.
     0 | D:1      | Reached XP level 1. HP: 15/15 MP: 3/3
     0 | D:1      | Noticed an orb of fire
     0 | D:1      | Noticed an orb of fire
     2 | D:1      | Noticed an orb of fire
     7 | D:1      | Noticed a large abomination
     8 | D:1      | Noticed a black draconian
     9 | D:1      | Noticed an iron dragon
    11 | D:1      | Noticed an iron dragon
    11 | D:1      | Noticed an orb of fire
    13 | D:1      | Noticed an iron dragon
    15 | D:1      | Noticed a large abomination
    15 | D:1      | Noticed a large abomination
    15 | D:1      | Noticed a tentacled monstrosity
    19 | D:1      | Noticed a shadow dragon
    19 | D:1      | Noticed a tentacled monstrosity
    21 | D:1      | Noticed an iron dragon
   567 | D:1      | Reached XP level 2. HP: 21/21 MP: 3/5
   709 | D:1      | Found a faded altar of an unknown god.
  1163 | D:2      | Reached XP level 3. HP: 7/26 MP: 6/6
  2123 | D:2      | Noticed Robin
  2159 | D:3      | Noticed Terence
  2165 | D:3      | Slain by Terence

Illustrated notes

Levels and vault maps discovered:
D:1:      shiori_arrival_whats_in_store_for_you, layout_basic,
          ebering_ecumenical_altar_webs
D:2:      layout_loops_ring, basic_altar, serial_shops,
          nicolae_shop_hallway_stairs, uniq_crazy_yiuf_cottage, uniq_robin
D:3:      wander_river, layout_basic, general_overflow_altar,
          chequers_arboretum, uniq_terence, uniq_natasha

Skill      XL: |  1  2 |
---------------+-------+-----
Transmutations | 3 |  3.5
Dodging        | 3 |  3.1
Fighting       | |  1.7
Stealth        | |  0.2
Unarmed Combat | |  3.8
Spellcasting   | |  2.2

Action                   || total
-------------------------++-------
Melee: Unarmed           ||    94
       Headbutt          ||     8
       Punch             ||     2
 Cast: Beastly Appendage ||    21
Armor: Robe              ||    17
Dodge: Dodged            ||    51

Table legend: (Time is in decaauts)
 A = Elapsed time spent in this place.
 B = Non-inter-level travel time spent in this place.
 C = Inter-level travel time spent in this place.
 D = Time resting spent in this place.
 E = Time spent auto-exploring this place.
 F = Levels seen in this place.
 G = Mean time per level.
                   A        B        C        D        E       F      G
               +--------+--------+--------+--------+--------+-----+--------+
         Total |   2158 |   2129 |     29 |    768 |   1040 |   3 |  719.3 |
       Dungeon |   2158 |   2129 |     29 |    768 |   1040 |   3 |  719.3 |
               +--------+--------+--------+--------+--------+-----+--------+

Top non-repeatable levels by time:
     D:1: 1125 daAuts
     D:2: 1026 daAuts
     D:3: 5 daAuts
